[ AOE2 MATCH · #484246790 ]
Team RMHindustanis vs Huns
[ REPLAY ANALYSIS · EXTRACTED FROM THE RECORDED GAME ]
Feudal
11:44
Castle
20:19
Imperial
43:58
| APM avg | 31.6 |
| APM peak | 61 |
| eAPM avg | 15.2 |
| Villagers / military | 144 / 78 |
Focus
⚔️ 31.1% · 🌾 68.9%
Camel Scout ×57 · Ghulam ×14 · Trade Cart ×4 · Armored Elephant ×4 · Spearman ×2 · Scorpion ×1
Feudal
11:30
Castle
18:00
Imperial
32:23
| APM avg | 22.1 |
| APM peak | 37 |
| eAPM avg | 14.2 |
| Villagers / military | 119 / 89 |
Focus
⚔️ 19.3% · 🌾 80.7%
Knight ×80 · Cavalry Archer ×7 · Spearman ×2
Feudal
11:22
Castle
18:09
Imperial
35:20
| APM avg | 12.0 |
| APM peak | 37 |
| eAPM avg | 8.3 |
| Villagers / military | 61 / 56 |
Focus
⚔️ 29.9% · 🌾 70.1%
Knight ×27 · Throwing Axeman ×12 · Spearman ×10 · Battering Ram ×3 · Trebuchet (Packed) ×2 · Monk ×1
Feudal
10:04
Castle
18:30
Imperial
—
| APM avg | 17.6 |
| APM peak | 64 |
| eAPM avg | 11.9 |
| Villagers / military | 102 / 8 |
Focus
⚔️ 7.8% · 🌾 92.2%
Spearman ×6 · Knight ×2
Feudal
11:41
Castle
23:37
Imperial
39:13
| APM avg | 26.4 |
| APM peak | 49 |
| eAPM avg | 18.1 |
| Villagers / military | 114 / 206 |
Focus
⚔️ 41.9% · 🌾 58.1%
Knight ×197 · Scout Cavalry ×9
Feudal
10:59
Castle
15:28
Imperial
—
| APM avg | 12.8 |
| APM peak | 50 |
| eAPM avg | 6.4 |
| Villagers / military | 84 / 0 |
Focus
⚔️ 9.4% · 🌾 90.6%
Feudal
14:32
Castle
18:44
Imperial
34:47
| APM avg | 21.5 |
| APM peak | 43 |
| eAPM avg | 15.0 |
| Villagers / military | 96 / 82 |
Focus
⚔️ 31.7% · 🌾 68.3%
Scout Cavalry ×73 · Trade Cart ×36 · Unknown (1962) ×28 · Mangonel ×9 · Unknown (1942) ×6
Feudal
13:38
Castle
31:42
Imperial
—
| APM avg | 9.5 |
| APM peak | 23 |
| eAPM avg | 5.6 |
| Villagers / military | 50 / 59 |
Focus
⚔️ 38.9% · 🌾 61.1%
Spearman ×34 · Archer ×11 · Militia ×9 · Scorpion ×5
Match map
Initial resources + every placement click. Lines = walls · curves = elevation contours. ◆ gold · ⬟ stone · ● berries · ✦ relic · ◌ wall gap
Your base· Open — unwalled flank
Swario Bambino III's base· Open — unwalled flank
chello3200's base· Open — 13t gap
LaPolitziaaa's base· Open — unwalled flank
LocalFukBoy's base· Open — unwalled flank
Aphelink's base· Open — unwalled flank
Sky_二哥's base· Open — unwalled flank
Caleb Mandrake's base· ✓ Closed at 31:42 · 0t walls · fragile
Smoothed initial terrain · ◌ = detected wall gap · hover for details
Inputs per minute
— fearthebeard007 - - Swario Bambino III
Build order — fearthebeard007
First 150 of 330 actions detected
| 0:01 | Create | Villager (Male) |
| 0:02 | Create | Villager (Male) |
| 0:03 | Build | House |
| 0:05 | Build | House |
| 0:07 | Create | Villager (Male) |
| 0:07 | Create | Villager (Male) |
| 1:06 | Create | Villager (Male) |
| 1:52 | Build | Lumber Camp |
| 1:58 | Create | Villager (Male) |
| 1:59 | Create | Villager (Male) |
| 2:18 | Create | Villager (Male) |
| 3:10 | Build | House |
| 3:27 | Research | Loom |
| 3:42 | Build | House |
| 3:52 | Create | Villager (Male) |
| 4:27 | Create | Villager (Male) |
| 4:27 | Create | Villager (Male) |
| 4:39 | Build | Mill |
| 5:24 | Create | Villager (Male) |
| 5:24 | Create | Villager (Male) |
| 5:28 | Create | Villager (Male) |
| 6:05 | Create | Villager (Male) |
| 6:38 | Create | Villager (Male) |
| 6:38 | Create | Villager (Male) |
| 7:11 | Create | Villager (Male) |
| 7:11 | Create | Villager (Male) |
| 7:21 | Create | Villager (Male) |
| 7:37 | Create | Villager (Male) |
| 7:38 | Create | Villager (Male) |
| 7:38 | Create | Villager (Male) |
| 8:02 | Create | Villager (Male) |
| 8:12 | Create | Villager (Male) |
| 8:32 | Build | House |
| 8:52 | Create | Villager (Male) |
| 8:53 | Create | Villager (Male) |
| 8:53 | Create | Villager (Male) |
| 9:05 | Create | Villager (Male) |
| 9:06 | Create | Villager (Male) |
| 9:15 | Research | Feudal Age |
| 9:42 | Create | Villager (Male) |
| 9:43 | Create | Villager (Male) |
| 9:51 | Create | Villager (Male) |
| 9:51 | Create | Villager (Male) |
| 10:05 | Create | Villager (Male) |
| 10:26 | Create | Villager (Male) |
| 10:27 | Create | Villager (Male) |
| 10:40 | Build | Mining Camp |
| 11:15 | Create | Villager (Male) |
| 11:40 | Create | Villager (Male) |
| 11:41 | Create | Villager (Male) |
| 11:44 | Age | Feudal Age |
| 11:58 | Build | House |
| 11:59 | Build | House |
| 12:00 | Build | House |
| 12:25 | Create | Villager (Male) |
| 12:25 | Create | Villager (Male) |
| 12:28 | Create | Villager (Male) |
| 12:30 | Research | Horse Collar |
| 12:32 | Research | Double-Bit Axe |
| 12:42 | Build | Farm |
| 12:42 | Build | Farm |
| 12:43 | Build | Farm |
| 12:43 | Build | Farm |
| 12:43 | Build | Farm |
| 12:44 | Build | Farm |
| 12:44 | Build | Farm |
| 12:48 | Create | Villager (Male) |
| 13:00 | Build | Barracks |
| 13:06 | Build | Stone Wall |
| 13:10 | Build | Stone Wall |
| 13:15 | Build | Gate |
| 13:21 | Create | Villager (Male) |
| 13:22 | Create | Villager (Male) |
| 13:28 | Create | Villager (Male) |
| 13:42 | Build | Stone Wall |
| 13:53 | Build | Gate |
| 13:59 | Build | Farm |
| 14:01 | Build | Farm |
| 14:01 | Build | Farm |
| 14:05 | Build | Farm |
| 14:11 | Create | Villager (Male) |
| 14:11 | Create | Villager (Male) |
| 14:12 | Create | Villager (Male) |
| 15:03 | Build | Lumber Camp |
| 15:05 | Create | Villager (Male) |
| 15:08 | Build | Farm |
| 15:26 | Build | Stone Wall |
| 15:34 | Create | Villager (Male) |
| 15:35 | Create | Villager (Male) |
| 16:01 | Build | Stable |
| 16:10 | Create | Villager (Male) |
| 16:11 | Create | Villager (Male) |
| 16:27 | Create | Villager (Male) |
| 16:47 | Build | Blacksmith |
| 16:53 | Create | Villager (Male) |
| 16:53 | Create | Villager (Male) |
| 17:09 | Build | Palisade Gate |
| 17:20 | Create | Villager (Male) |
| 17:24 | Research | Castle Age |
| 17:35 | Build | Stable |
| 17:44 | Build | Stone Wall |
| 18:10 | Build | Farm |
| 18:10 | Build | Farm |
| 18:10 | Build | Farm |
| 18:11 | Build | Farm |
| 18:11 | Build | Farm |
| 18:11 | Build | Farm |
| 18:11 | Build | Farm |
| 18:12 | Build | Farm |
| 18:12 | Build | Farm |
| 18:13 | Build | Farm |
| 18:13 | Build | Farm |
| 18:39 | Research | Bloodlines |
| 18:54 | Build | Mining Camp |
| 19:15 | Build | Archery Range |
| 19:50 | Build | Market |
| 19:58 | Create | Villager (Male) |
| 19:59 | Create | Villager (Male) |
| 20:03 | Research | Forging |
| 20:04 | Research | Scale Barding Armor |
| 20:19 | Build | Farm |
| 20:19 | Age | Castle Age |
| 20:28 | Research | Husbandry |
| 20:29 | Create | Camel Scout |
| 20:29 | Create | Camel Scout |
| 20:29 | Create | Camel Scout |
| 20:29 | Create | Camel Scout |
| 20:30 | Create | Camel Scout |
| 20:51 | Create | Villager (Male) |
| 20:52 | Create | Villager (Male) |
| 20:52 | Create | Villager (Male) |
| 20:54 | Create | Spearman |
| 20:54 | Create | Spearman |
| 21:16 | Build | House |
| 21:17 | Build | House |
| 21:19 | Build | House |
| 21:20 | Build | House |
| 21:32 | Research | Heavy Plow |
| 21:33 | Create | Villager (Male) |
| 21:33 | Create | Villager (Male) |
| 21:33 | Create | Villager (Male) |
| 21:34 | Create | Villager (Male) |
| 21:37 | Research | Bow Saw |
| 21:59 | Research | Wheelbarrow |
| 22:03 | Create | Villager (Male) |
| 22:04 | Create | Villager (Male) |
| 23:59 | Create | Camel Scout ×3 |
| 24:39 | Build | Siege Workshop |
| 25:37 | Create | Villager (Male) |
| 25:37 | Create | Villager (Male) |
Build order — Swario Bambino III
First 150 of 320 actions detected
| 0:01 | Create | Villager (Male) |
| 0:02 | Build | House |
| 0:04 | Build | House |
| 0:19 | Create | Villager (Male) |
| 0:25 | Create | Villager (Male) |
| 0:25 | Create | Villager (Male) |
| 1:31 | Create | Villager (Male) |
| 1:31 | Create | Villager (Male) |
| 2:05 | Create | Villager (Male) |
| 2:24 | Create | Villager (Male) |
| 2:46 | Create | Villager (Male) |
| 3:21 | Create | Villager (Male) |
| 3:22 | Create | Villager (Male) |
| 3:32 | Build | House |
| 3:34 | Build | House |
| 3:39 | Create | Villager (Male) |
| 3:55 | Build | Lumber Camp |
| 3:56 | Create | Villager (Male) |
| 4:03 | Build | Mill |
| 4:27 | Create | Villager (Male) |
| 5:08 | Create | Villager (Male) |
| 5:11 | Create | Villager (Male) |
| 5:47 | Create | Villager (Male) |
| 5:47 | Create | Villager (Male) |
| 6:06 | Create | Villager (Male) |
| 6:07 | Create | Villager (Male) |
| 6:48 | Create | Villager (Male) |
| 6:49 | Create | Villager (Male) |
| 6:57 | Create | Villager (Male) |
| 7:19 | Create | Villager (Male) |
| 7:48 | Build | House |
| 7:51 | Build | House |
| 8:09 | Create | Villager (Male) |
| 8:51 | Create | Villager (Male) |
| 8:58 | Build | House |
| 9:01 | Build | House |
| 9:20 | Research | Feudal Age |
| 10:15 | Build | Mining Camp |
| 10:58 | Create | Villager (Male) |
| 11:10 | Build | Lumber Camp |
| 11:18 | Create | Villager (Male) |
| 11:30 | Age | Feudal Age |
| 11:32 | Build | Farm |
| 11:33 | Build | Farm |
| 11:33 | Build | Farm |
| 11:36 | Build | Farm |
| 11:48 | Create | Villager (Male) |
| 11:48 | Create | Villager (Male) |
| 11:49 | Create | Villager (Male) |
| 11:49 | Create | Villager (Male) |
| 11:55 | Create | Villager (Male) |
| 11:56 | Create | Villager (Male) |
| 12:04 | Build | Farm |
| 12:05 | Create | Villager (Male) |
| 12:06 | Create | Villager (Male) |
| 12:10 | Create | Villager (Male) |
| 12:32 | Build | Farm |
| 12:36 | Build | Farm |
| 12:40 | Build | Farm |
| 12:41 | Create | Villager (Male) |
| 12:57 | Build | Farm |
| 12:58 | Create | Villager (Male) |
| 13:51 | Build | Market |
| 13:58 | Build | Blacksmith |
| 14:31 | Build | Farm |
| 14:31 | Build | Farm |
| 14:51 | Build | Farm |
| 15:13 | Create | Villager (Male) |
| 15:20 | Research | Castle Age |
| 15:22 | Create | Villager (Male) |
| 15:27 | Build | Farm |
| 15:27 | Build | Farm |
| 15:46 | Research | Double-Bit Axe |
| 16:27 | Build | Barracks |
| 16:29 | Create | Villager (Male) |
| 16:29 | Create | Villager (Male) |
| 16:30 | Create | Villager (Male) |
| 17:04 | Build | Stable |
| 17:19 | Create | Villager (Male) |
| 17:19 | Create | Villager (Male) |
| 17:41 | Create | Villager (Male) |
| 18:00 | Age | Castle Age |
| 18:01 | Research | Bow Saw |
| 18:14 | Build | Town Center |
| 18:16 | Create | Villager (Male) |
| 18:18 | Create | Villager (Male) |
| 18:44 | Build | Town Center |
| 18:45 | Create | Villager (Male) |
| 18:53 | Create | Knight |
| 18:54 | Create | Knight |
| 19:00 | Create | Villager (Male) |
| 19:11 | Create | Knight |
| 20:07 | Build | Market |
| 20:07 | Create | Villager (Male) |
| 20:08 | Create | Villager (Male) |
| 20:10 | Research | Loom |
| 20:11 | Create | Villager (Male) |
| 20:11 | Create | Villager (Male) |
| 20:12 | Create | Villager (Male) |
| 20:19 | Build | Farm |
| 20:19 | Build | Farm |
| 20:23 | Build | Farm |
| 20:24 | Build | Farm |
| 20:25 | Build | Farm |
| 20:25 | Build | Farm |
| 20:26 | Build | Farm |
| 20:26 | Build | Farm |
| 20:27 | Build | Farm |
| 20:28 | Build | Farm |
| 20:29 | Build | Farm |
| 20:29 | Build | Farm |
| 20:29 | Build | Farm |
| 20:30 | Build | Farm |
| 20:30 | Create | Villager (Male) |
| 20:31 | Create | Villager (Male) |
| 20:31 | Create | Villager (Male) |
| 20:36 | Build | Farm |
| 20:44 | Build | Farm |
| 20:57 | Create | Spearman |
| 20:57 | Create | Spearman |
| 21:09 | Build | Archery Range |
| 21:15 | Create | Knight |
| 21:20 | Create | Villager (Male) |
| 21:21 | Create | Villager (Male) |
| 21:21 | Create | Villager (Male) |
| 21:32 | Create | Villager (Male) |
| 21:32 | Create | Villager (Male) |
| 21:32 | Create | Villager (Male) |
| 21:39 | Build | Farm |
| 21:39 | Build | Farm |
| 21:43 | Create | Villager (Male) |
| 21:47 | Create | Villager (Male) |
| 22:00 | Create | Villager (Male) |
| 22:00 | Create | Villager (Male) |
| 22:03 | Create | Villager (Male) |
| 22:12 | Build | Mining Camp |
| 22:30 | Create | Villager (Male) |
| 22:31 | Create | Villager (Male) |
| 22:56 | Create | Villager (Male) |
| 22:57 | Create | Villager (Male) |
| 23:00 | Create | Villager (Male) |
| 23:01 | Create | Villager (Male) |
| 23:01 | Create | Villager (Male) |
| 23:05 | Build | House |
| 23:05 | Build | House |
| 23:05 | Build | House |
| 23:06 | Build | House |
| 23:06 | Build | House |
| 23:06 | Build | House |
| 23:06 | Build | House |
Build order — chello3200
First 150 of 187 actions detected
| 0:10 | Build | House |
| 0:12 | Create | Villager (Male) |
| 0:12 | Create | Villager (Male) |
| 0:12 | Create | Villager (Male) |
| 0:13 | Create | Villager (Male) |
| 0:13 | Create | Villager (Male) |
| 0:40 | Build | House |
| 1:31 | Create | Villager (Male) |
| 2:14 | Create | Villager (Male) |
| 2:36 | Create | Villager (Male) |
| 3:22 | Create | Villager (Male) |
| 3:22 | Create | Villager (Male) |
| 3:22 | Create | Villager (Male) |
| 4:09 | Build | Mill |
| 4:11 | Create | Villager (Male) |
| 4:11 | Create | Villager (Male) |
| 4:12 | Create | Villager (Male) |
| 4:20 | Build | House |
| 4:39 | Create | Villager (Male) |
| 4:40 | Create | Villager (Male) |
| 4:40 | Create | Villager (Male) |
| 4:54 | Build | House |
| 5:04 | Create | Villager (Male) |
| 5:20 | Create | Villager (Male) |
| 5:48 | Create | Villager (Male) |
| 6:14 | Build | Lumber Camp |
| 6:24 | Create | Villager (Male) |
| 6:25 | Create | Villager (Male) |
| 6:26 | Create | Villager (Male) |
| 6:51 | Create | Villager (Male) |
| 7:42 | Create | Villager (Male) |
| 8:53 | Research | Feudal Age |
| 9:37 | Create | Villager (Male) |
| 9:37 | Create | Villager (Male) |
| 9:37 | Create | Villager (Male) |
| 9:53 | Build | Mining Camp |
| 10:19 | Build | Farm |
| 10:19 | Build | Farm |
| 10:21 | Build | Farm |
| 10:32 | Build | House |
| 10:37 | Build | House |
| 10:43 | Build | Farm |
| 10:48 | Build | Farm |
| 10:54 | Build | Farm |
| 10:59 | Build | Farm |
| 11:00 | Build | Farm |
| 11:22 | Age | Feudal Age |
| 11:37 | Create | Villager (Male) |
| 11:44 | Research | Double-Bit Axe |
| 11:51 | Build | Farm |
| 12:09 | Build | Farm |
| 12:20 | Build | Farm |
| 13:13 | Create | Villager (Male) |
| 13:14 | Create | Villager (Male) |
| 13:28 | Build | Blacksmith |
| 14:26 | Build | Market |
| 14:39 | Create | Villager (Male) |
| 14:39 | Create | Villager (Male) |
| 14:53 | Build | Farm |
| 14:56 | Build | Farm |
| 15:16 | Build | House |
| 15:20 | Build | House |
| 15:23 | Research | Castle Age |
| 15:58 | Build | Barracks |
| 16:25 | Build | Farm |
| 16:26 | Build | Farm |
| 16:27 | Build | Farm |
| 16:28 | Build | Farm |
| 16:30 | Build | Farm |
| 16:54 | Build | Mining Camp |
| 17:24 | Research | Wheelbarrow |
| 18:09 | Age | Castle Age |
| 18:44 | Build | Stable |
| 18:55 | Create | Spearman |
| 18:55 | Create | Spearman |
| 18:56 | Create | Spearman |
| 18:56 | Create | Spearman |
| 19:04 | Research | Loom |
| 19:20 | Build | Town Center |
| 20:03 | Create | Villager (Male) |
| 20:04 | Create | Villager (Male) |
| 20:04 | Create | Villager (Male) |
| 20:04 | Create | Villager (Male) |
| 20:04 | Create | Villager (Male) |
| 20:05 | Create | Villager (Male) |
| 20:14 | Create | Villager (Male) |
| 20:14 | Create | Villager (Male) |
| 20:14 | Create | Villager (Male) |
| 20:15 | Create | Villager (Male) |
| 20:15 | Create | Villager (Male) |
| 20:24 | Research | Pikeman (upgrade) |
| 20:37 | Research | Scale Barding Armor |
| 20:43 | Create | Knight |
| 20:43 | Create | Knight |
| 20:43 | Create | Knight |
| 20:44 | Create | Knight |
| 20:44 | Create | Knight |
| 20:50 | Build | Stable |
| 21:35 | Create | Villager (Male) |
| 21:35 | Create | Villager (Male) |
| 21:35 | Create | Villager (Male) |
| 22:36 | Build | House |
| 22:36 | Build | House |
| 22:39 | Build | House |
| 22:45 | Research | Hand Cart |
| 22:56 | Build | Stable |
| 23:24 | Create | Villager (Male) |
| 23:25 | Create | Villager (Male) |
| 23:35 | Build | Farm |
| 23:36 | Build | Farm |
| 24:14 | Create | Knight |
| 24:14 | Create | Knight |
| 24:14 | Create | Knight |
| 24:15 | Create | Knight |
| 24:15 | Create | Knight |
| 24:15 | Create | Knight |
| 24:27 | Build | Siege Workshop |
| 24:57 | Create | Knight |
| 24:57 | Create | Knight |
| 25:13 | Create | Battering Ram |
| 25:23 | Build | House |
| 25:27 | Build | House |
| 25:29 | Build | House |
| 25:55 | Create | Battering Ram |
| 26:05 | Research | Squires |
| 26:09 | Research | Forging |
| 26:15 | Create | Villager (Male) |
| 26:15 | Create | Villager (Male) |
| 26:20 | Create | Villager (Male) |
| 26:21 | Create | Villager (Male) |
| 26:33 | Build | Farm |
| 26:44 | Create | Battering Ram |
| 26:47 | Create | Mangonel |
| 27:05 | Create | Knight |
| 27:05 | Create | Knight |
| 27:21 | Create | Villager (Male) |
| 27:21 | Create | Villager (Male) |
| 27:21 | Create | Villager (Male) |
| 27:37 | Build | Mining Camp |
| 27:50 | Build | Farm |
| 27:53 | Build | Farm |
| 28:51 | Build | Stone Wall |
| 29:25 | Build | Castle |
| 30:19 | Create | Villager (Male) |
| 30:19 | Create | Villager (Male) |
| 30:19 | Create | Villager (Male) |
| 30:20 | Create | Villager (Male) |
| 30:21 | Create | Villager (Male) |
| 30:31 | Build | Monastery |
| 30:36 | Build | University |
Build order — LaPolitziaaa
First 150 of 208 actions detected
| 0:01 | Create | Villager (Male) |
| 0:01 | Create | Villager (Male) |
| 0:01 | Create | Villager (Male) |
| 0:02 | Create | Villager (Male) |
| 0:02 | Create | Villager (Male) |
| 0:06 | Build | House |
| 0:08 | Build | House |
| 1:29 | Create | Villager (Male) |
| 1:30 | Create | Villager (Male) |
| 2:11 | Create | Villager (Male) |
| 2:11 | Create | Villager (Male) |
| 2:18 | Build | Lumber Camp |
| 2:26 | Create | Villager (Male) |
| 2:26 | Create | Villager (Male) |
| 2:50 | Create | Villager (Male) |
| 2:50 | Create | Villager (Male) |
| 3:12 | Create | Villager (Male) |
| 3:12 | Create | Villager (Male) |
| 3:48 | Create | Villager (Male) |
| 3:48 | Create | Villager (Male) |
| 4:16 | Build | Mill |
| 4:28 | Build | House |
| 4:59 | Create | Villager (Male) |
| 4:59 | Create | Villager (Male) |
| 5:08 | Build | House |
| 5:14 | Create | Villager (Male) |
| 5:34 | Create | Villager (Male) |
| 6:05 | Create | Villager (Male) |
| 6:06 | Create | Villager (Male) |
| 6:31 | Create | Villager (Male) |
| 6:43 | Create | Villager (Male) |
| 7:22 | Research | Loom |
| 7:50 | Research | Feudal Age |
| 8:36 | Build | Mining Camp |
| 9:06 | Build | Palisade Wall |
| 9:18 | Build | House |
| 9:21 | Build | House |
| 9:24 | Build | House |
| 9:30 | Build | House |
| 9:34 | Build | House |
| 9:56 | Create | Villager (Male) |
| 10:04 | Age | Feudal Age |
| 10:22 | Research | Double-Bit Axe |
| 10:37 | Create | Villager (Male) |
| 10:44 | Build | Farm |
| 10:49 | Create | Villager (Male) |
| 11:02 | Build | House |
| 11:04 | Build | House |
| 11:08 | Create | Villager (Male) |
| 11:27 | Build | Blacksmith |
| 11:31 | Build | Market |
| 11:35 | Create | Villager (Male) |
| 11:43 | Create | Villager (Male) |
| 11:45 | Build | Farm |
| 11:55 | Build | Farm |
| 12:19 | Create | Villager (Male) |
| 12:29 | Build | Farm |
| 12:52 | Create | Villager (Male) |
| 12:57 | Build | Farm |
| 13:10 | Build | Farm |
| 13:30 | Build | Barracks |
| 13:36 | Build | Stone Wall |
| 13:45 | Build | Stone Wall |
| 13:50 | Build | Farm |
| 13:55 | Build | Farm |
| 13:56 | Create | Villager (Male) |
| 13:57 | Create | Villager (Male) |
| 14:24 | Build | Farm |
| 14:32 | Create | Villager (Male) |
| 14:49 | Build | Farm |
| 14:59 | Create | Villager (Male) |
| 15:19 | Build | Farm |
| 15:38 | Build | House |
| 15:40 | Build | House |
| 15:48 | Build | Farm |
| 15:50 | Research | Castle Age |
| 15:56 | Build | Farm |
| 15:56 | Build | Farm |
| 15:57 | Build | Farm |
| 15:58 | Build | Farm |
| 15:59 | Build | Farm |
| 16:00 | Build | Farm |
| 16:02 | Build | Farm |
| 16:08 | Create | Villager (Male) |
| 16:56 | Build | Gate |
| 17:06 | Research | Horse Collar |
| 17:16 | Create | Spearman |
| 17:16 | Create | Spearman |
| 18:30 | Age | Castle Age |
| 18:35 | Create | Villager (Male) |
| 18:55 | Create | Villager (Male) |
| 19:01 | Build | Farm |
| 19:09 | Research | Bow Saw |
| 19:32 | Build | Town Center |
| 19:39 | Create | Villager (Male) |
| 19:55 | Build | Lumber Camp |
| 20:05 | Create | Villager (Male) |
| 20:37 | Create | Villager (Male) |
| 20:37 | Create | Villager (Male) |
| 20:37 | Create | Villager (Male) |
| 21:01 | Create | Villager (Male) |
| 21:12 | Create | Villager (Male) |
| 21:13 | Create | Villager (Male) |
| 21:14 | Create | Villager (Male) |
| 21:14 | Create | Villager (Male) |
| 21:39 | Build | Stable |
| 21:45 | Create | Villager (Male) |
| 21:46 | Create | Villager (Male) |
| 21:47 | Create | Villager (Male) |
| 22:16 | Research | Forging |
| 22:22 | Build | Town Center |
| 22:27 | Create | Villager (Male) |
| 22:27 | Create | Villager (Male) |
| 22:27 | Create | Villager (Male) |
| 22:39 | Research | Pikeman (upgrade) |
| 22:40 | Create | Spearman |
| 22:41 | Create | Spearman |
| 24:32 | Build | Barracks |
| 25:03 | Build | House |
| 25:33 | Create | Knight |
| 25:33 | Create | Knight |
| 25:42 | Build | Farm |
| 25:59 | Create | Spearman |
| 25:59 | Create | Spearman |
| 26:44 | Build | House |
| 27:53 | Create | Villager (Male) |
| 27:53 | Create | Villager (Male) |
| 27:53 | Create | Villager (Male) |
| 27:54 | Create | Villager (Male) |
| 27:54 | Create | Villager (Male) |
| 27:54 | Create | Villager (Male) |
| 27:54 | Create | Villager (Male) |
| 27:55 | Create | Villager (Male) |
| 27:55 | Create | Villager (Male) |
| 28:17 | Build | House |
| 28:21 | Build | House |
| 28:24 | Build | House |
| 28:47 | Build | Farm |
| 28:58 | Build | House |
| 29:03 | Build | House |
| 29:29 | Create | Villager (Male) |
| 30:03 | Research | Fletching |
| 32:35 | Build | Market |
| 33:58 | Build | Town Center |
| 35:19 | Create | Villager (Male) |
| 35:19 | Create | Villager (Male) |
| 35:19 | Create | Villager (Male) |
| 35:20 | Create | Villager (Male) |
| 35:20 | Create | Villager (Male) |
| 35:46 | Build | Town Center |
Build order — LocalFukBoy
First 150 of 510 actions detected
| 0:02 | Research | Loom |
| 0:02 | Research | Loom |
| 0:03 | Create | Villager (Male) |
| 0:03 | Create | Villager (Male) |
| 0:03 | Create | Villager (Male) |
| 0:03 | Create | Villager (Male) |
| 0:03 | Create | Villager (Male) |
| 0:03 | Create | Villager (Male) |
| 0:04 | Create | Villager (Male) |
| 0:04 | Create | Villager (Male) |
| 0:05 | Build | House |
| 1:31 | Create | Villager (Male) |
| 1:31 | Create | Villager (Male) |
| 1:36 | Build | House |
| 1:59 | Build | Mill |
| 2:23 | Create | Villager (Male) |
| 2:23 | Create | Villager (Male) |
| 2:23 | Create | Villager (Male) |
| 2:37 | Create | Villager (Male) |
| 2:37 | Create | Villager (Male) |
| 3:01 | Create | Villager (Male) |
| 3:02 | Create | Villager (Male) |
| 3:02 | Create | Villager (Male) |
| 3:16 | Create | Villager (Male) |
| 3:17 | Create | Villager (Male) |
| 3:17 | Create | Villager (Male) |
| 4:04 | Create | Villager (Male) |
| 4:05 | Create | Villager (Male) |
| 4:05 | Create | Villager (Male) |
| 4:30 | Create | Villager (Male) |
| 4:31 | Create | Villager (Male) |
| 4:31 | Create | Villager (Male) |
| 4:31 | Create | Villager (Male) |
| 4:31 | Create | Villager (Male) |
| 4:59 | Create | Villager (Male) |
| 5:00 | Create | Villager (Male) |
| 6:05 | Create | Villager (Male) |
| 6:06 | Create | Villager (Male) |
| 6:06 | Create | Villager (Male) |
| 6:06 | Create | Villager (Male) |
| 6:06 | Create | Villager (Male) |
| 6:06 | Create | Villager (Male) |
| 6:06 | Create | Villager (Male) |
| 6:06 | Create | Villager (Male) |
| 6:10 | Build | House |
| 6:54 | Create | Villager (Male) |
| 8:25 | Create | Villager (Male) |
| 9:06 | Build | Lumber Camp |
| 9:31 | Research | Feudal Age |
| 10:30 | Build | Mining Camp |
| 10:59 | Build | House |
| 11:02 | Build | House |
| 11:27 | Build | Barracks |
| 11:35 | Create | Villager (Male) |
| 11:36 | Create | Villager (Male) |
| 11:36 | Create | Villager (Male) |
| 11:36 | Create | Villager (Male) |
| 11:41 | Age | Feudal Age |
| 11:51 | Research | Double-Bit Axe |
| 12:08 | Build | Stable |
| 12:19 | Build | Stone Wall |
| 12:32 | Build | Stone Wall |
| 12:39 | Build | Stone Wall |
| 12:47 | Build | Stone Wall |
| 12:52 | Create | Scout Cavalry |
| 12:52 | Create | Scout Cavalry |
| 12:52 | Create | Scout Cavalry |
| 12:52 | Create | Scout Cavalry |
| 12:53 | Create | Scout Cavalry |
| 12:53 | Create | Scout Cavalry |
| 12:53 | Create | Scout Cavalry |
| 12:53 | Create | Scout Cavalry |
| 12:53 | Create | Scout Cavalry |
| 13:03 | Research | Horse Collar |
| 13:13 | Build | Gate |
| 13:21 | Build | House |
| 13:52 | Build | Farm |
| 13:54 | Build | Farm |
| 13:55 | Build | Farm |
| 13:56 | Build | Farm |
| 14:00 | Build | Farm |
| 14:02 | Build | Farm |
| 14:05 | Build | Farm |
| 14:09 | Build | Farm |
| 14:11 | Build | Farm |
| 14:23 | Build | Farm |
| 14:36 | Build | Farm |
| 14:40 | Create | Villager (Male) |
| 14:40 | Create | Villager (Male) |
| 14:41 | Create | Villager (Male) |
| 14:47 | Build | Farm |
| 14:53 | Build | Stone Wall |
| 14:57 | Create | Villager (Male) |
| 14:57 | Create | Villager (Male) |
| 14:59 | Build | Farm |
| 15:15 | Create | Villager (Male) |
| 15:15 | Create | Villager (Male) |
| 15:15 | Create | Villager (Male) |
| 15:17 | Build | Farm |
| 15:27 | Build | Farm |
| 15:38 | Create | Villager (Male) |
| 15:38 | Create | Villager (Male) |
| 15:38 | Create | Villager (Male) |
| 15:39 | Create | Villager (Male) |
| 16:02 | Build | House |
| 16:38 | Build | Lumber Camp |
| 16:41 | Create | Villager (Male) |
| 16:41 | Create | Villager (Male) |
| 16:41 | Create | Villager (Male) |
| 16:42 | Create | Villager (Male) |
| 16:42 | Create | Villager (Male) |
| 16:42 | Create | Villager (Male) |
| 16:42 | Create | Villager (Male) |
| 16:50 | Create | Villager (Male) |
| 16:50 | Create | Villager (Male) |
| 17:24 | Build | Farm |
| 17:25 | Build | Farm |
| 17:32 | Create | Villager (Male) |
| 17:33 | Create | Villager (Male) |
| 17:37 | Build | House |
| 17:46 | Build | Mill |
| 18:38 | Build | Farm |
| 18:39 | Build | Farm |
| 18:40 | Build | Farm |
| 18:42 | Build | Farm |
| 18:43 | Build | Farm |
| 18:45 | Create | Villager (Male) |
| 18:46 | Create | Villager (Male) |
| 18:49 | Build | Farm |
| 19:18 | Build | Farm |
| 19:20 | Build | Farm |
| 19:22 | Build | Mill |
| 19:34 | Build | Stone Wall |
| 19:45 | Build | Stone Wall |
| 19:52 | Build | Stone Wall |
| 19:59 | Build | Farm |
| 20:05 | Build | Market |
| 20:32 | Build | Blacksmith |
| 20:57 | Research | Castle Age |
| 20:58 | Research | Castle Age |
| 21:30 | Build | Mining Camp |
| 22:44 | Build | Mining Camp |
| 23:12 | Research | Stone Mining |
| 23:26 | Build | Stable |
| 23:30 | Build | Stable |
| 23:34 | Build | Stable |
| 23:37 | Age | Castle Age |
| 23:49 | Research | Forging |
| 23:49 | Research | Scale Barding Armor |
| 23:57 | Build | Town Center |
Build order — Aphelink
127 actions detected in the replay
| 0:02 | Create | Villager (Male) |
| 0:02 | Create | Villager (Male) |
| 0:03 | Build | House |
| 0:04 | Build | House |
| 0:05 | Create | Villager (Male) |
| 0:06 | Create | Villager (Male) |
| 1:24 | Create | Villager (Male) |
| 1:24 | Create | Villager (Male) |
| 1:51 | Create | Villager (Male) |
| 1:51 | Create | Villager (Male) |
| 2:09 | Build | Lumber Camp |
| 2:11 | Create | Villager (Male) |
| 2:12 | Create | Villager (Male) |
| 2:38 | Create | Villager (Male) |
| 2:38 | Create | Villager (Male) |
| 3:13 | Create | Villager (Male) |
| 3:13 | Create | Villager (Male) |
| 3:18 | Build | House |
| 3:21 | Build | House |
| 3:51 | Create | Villager (Male) |
| 4:20 | Build | Mill |
| 4:37 | Create | Villager (Male) |
| 4:37 | Create | Villager (Male) |
| 5:01 | Create | Villager (Male) |
| 5:01 | Create | Villager (Male) |
| 5:02 | Create | Villager (Male) |
| 5:03 | Create | Villager (Male) |
| 5:53 | Create | Villager (Male) |
| 5:54 | Create | Villager (Male) |
| 6:37 | Create | Villager (Male) |
| 6:55 | Create | Villager (Male) |
| 7:16 | Create | Villager (Male) |
| 7:17 | Create | Villager (Male) |
| 8:00 | Create | Villager (Male) |
| 8:24 | Research | Feudal Age |
| 9:24 | Build | Mining Camp |
| 9:29 | Build | House |
| 9:31 | Build | House |
| 10:34 | Build | House |
| 10:59 | Age | Feudal Age |
| 11:05 | Build | Market |
| 11:05 | Create | Villager (Male) |
| 11:06 | Create | Villager (Male) |
| 11:12 | Build | Blacksmith |
| 11:38 | Create | Villager (Male) |
| 11:39 | Create | Villager (Male) |
| 12:10 | Build | Farm |
| 12:15 | Build | Farm |
| 12:16 | Build | Farm |
| 12:24 | Build | Farm |
| 12:33 | Create | Villager (Male) |
| 12:48 | Research | Castle Age |
| 12:52 | Build | Farm |
| 12:59 | Build | Farm |
| 13:05 | Build | Farm |
| 13:05 | Build | Farm |
| 13:06 | Build | Farm |
| 13:06 | Build | Farm |
| 13:06 | Build | Farm |
| 13:06 | Build | Farm |
| 13:06 | Build | Farm |
| 13:12 | Build | Farm |
| 13:23 | Research | Double-Bit Axe |
| 13:42 | Research | Horse Collar |
| 13:55 | Build | Farm |
| 14:02 | Build | Farm |
| 15:19 | Create | Villager (Male) |
| 15:19 | Create | Villager (Male) |
| 15:20 | Create | Villager (Male) |
| 15:28 | Age | Castle Age |
| 15:35 | Build | Town Center |
| 15:41 | Create | Villager (Male) |
| 15:50 | Build | Town Center |
| 16:35 | Create | Villager (Male) ×5 |
| 16:36 | Create | Villager (Male) ×5 |
| 16:53 | Research | Heavy Plow |
| 16:56 | Research | Bow Saw |
| 17:06 | Create | Villager (Male) |
| 17:07 | Create | Villager (Male) |
| 17:07 | Create | Villager (Male) |
| 17:07 | Create | Villager (Male) |
| 17:18 | Create | Villager (Male) |
| 17:18 | Create | Villager (Male) |
| 17:19 | Create | Villager (Male) |
| 17:19 | Create | Villager (Male) |
| 17:26 | Build | Farm |
| 17:35 | Create | Villager (Male) |
| 17:37 | Research | Loom |
| 17:40 | Create | Villager (Male) |
| 17:48 | Build | Farm |
| 17:52 | Build | Farm |
| 18:15 | Create | Villager (Male) ×3 |
| 18:22 | Build | Farm |
| 18:25 | Build | Farm |
| 18:37 | Build | Farm |
| 18:40 | Create | Villager (Male) |
| 18:40 | Create | Villager (Male) |
| 18:42 | Create | Villager (Male) |
| 18:49 | Build | Farm |
| 18:52 | Build | Farm |
| 18:56 | Build | Farm |
| 19:06 | Create | Villager (Male) ×2 |
| 19:11 | Build | Farm |
| 19:18 | Build | Farm |
| 19:26 | Build | Farm |
| 19:35 | Create | Villager (Male) ×4 |
| 19:41 | Build | House |
| 19:42 | Build | House |
| 19:44 | Build | House |
| 19:44 | Build | House |
| 19:46 | Build | House |
| 19:49 | Research | Wheelbarrow |
| 19:51 | Build | Farm |
| 19:57 | Research | Town Watch |
| 19:58 | Create | Villager (Male) ×3 |
| 20:26 | Create | Villager (Male) |
| 20:26 | Create | Villager (Male) |
| 20:44 | Build | Barracks |
| 20:51 | Create | Villager (Male) ×5 |
| 21:01 | Build | Farm |
| 21:07 | Build | Farm |
| 21:45 | Research | Hand Cart |
| 21:45 | Create | Villager (Male) ×5 |
| 22:16 | Build | Farm |
| 22:34 | Build | Farm |
| 22:50 | Build | Archery Range |
| 22:51 | Build | Archery Range |
Build order — Sky_二哥
First 150 of 394 actions detected
| 0:01 | Create | Villager (Male) |
| 0:02 | Create | Villager (Male) |
| 0:02 | Create | Villager (Male) |
| 0:04 | Build | House |
| 0:06 | Build | House |
| 0:29 | Create | Villager (Male) |
| 0:30 | Create | Villager (Male) |
| 1:25 | Create | Villager (Male) |
| 1:51 | Create | Villager (Male) |
| 2:16 | Create | Villager (Male) |
| 2:16 | Create | Villager (Male) |
| 2:26 | Build | Lumber Camp |
| 2:48 | Create | Villager (Male) |
| 2:48 | Create | Villager (Male) |
| 3:05 | Create | Villager (Male) |
| 3:06 | Create | Villager (Male) |
| 3:16 | Build | House |
| 3:19 | Build | House |
| 3:27 | Create | Villager (Male) |
| 3:27 | Create | Villager (Male) |
| 4:05 | Create | Villager (Male) |
| 4:05 | Create | Villager (Male) |
| 4:08 | Research | Loom |
| 5:15 | Create | Villager (Male) |
| 5:35 | Create | Villager (Male) |
| 5:35 | Create | Villager (Male) |
| 5:52 | Build | House |
| 5:55 | Build | House |
| 6:19 | Build | Mill |
| 6:57 | Create | Villager (Male) |
| 6:58 | Create | Villager (Male) |
| 6:58 | Create | Villager (Male) |
| 7:24 | Create | Villager (Male) |
| 7:24 | Create | Villager (Male) |
| 7:25 | Create | Villager (Male) |
| 7:25 | Create | Villager (Male) |
| 8:02 | Create | Villager (Male) |
| 8:24 | Build | Mining Camp |
| 8:26 | Create | Villager (Male) |
| 8:27 | Create | Villager (Male) |
| 8:40 | Create | Villager (Male) |
| 9:05 | Create | Villager (Male) |
| 10:04 | Create | Villager (Male) |
| 10:06 | Create | Villager (Male) |
| 10:22 | Build | Palisade Gate |
| 10:42 | Build | Lumber Camp |
| 10:50 | Build | House |
| 10:51 | Build | House |
| 10:55 | Build | Mining Camp |
| 11:00 | Create | Villager (Male) |
| 11:00 | Create | Villager (Male) |
| 11:00 | Create | Villager (Male) |
| 11:14 | Build | Farm |
| 11:18 | Build | Farm |
| 11:19 | Build | Farm |
| 11:23 | Build | Farm |
| 11:29 | Build | Farm |
| 12:10 | Research | Feudal Age |
| 12:42 | Create | Villager (Male) |
| 12:43 | Create | Villager (Male) |
| 12:43 | Create | Villager (Male) |
| 13:09 | Build | Farm |
| 13:13 | Build | Farm |
| 13:25 | Build | Mining Camp |
| 14:06 | Build | Farm |
| 14:32 | Age | Feudal Age |
| 14:35 | Build | Market |
| 14:53 | Build | Blacksmith |
| 15:06 | Build | Farm |
| 15:15 | Build | Barracks |
| 15:24 | Build | Farm |
| 15:27 | Build | Farm |
| 15:30 | Build | Farm |
| 15:52 | Build | Gate |
| 15:59 | Build | Stone Wall |
| 16:04 | Research | Castle Age |
| 16:04 | Research | Castle Age |
| 16:17 | Create | Trade Cart |
| 16:17 | Create | Trade Cart |
| 16:18 | Create | Trade Cart |
| 16:18 | Create | Trade Cart |
| 16:56 | Research | Horse Collar |
| 17:00 | Research | Double-Bit Axe |
| 17:11 | Build | House |
| 17:12 | Build | House |
| 17:26 | Research | Fletching |
| 17:34 | Build | Farm |
| 18:03 | Create | Trade Cart |
| 18:44 | Age | Castle Age |
| 18:56 | Build | Town Center |
| 19:05 | Create | Villager (Male) |
| 19:05 | Create | Villager (Male) |
| 19:05 | Create | Villager (Male) |
| 19:06 | Create | Villager (Male) |
| 19:07 | Create | Villager (Male) |
| 19:24 | Research | Bow Saw |
| 19:35 | Create | Trade Cart |
| 19:40 | Research | Caravan |
| 19:58 | Research | Wheelbarrow |
| 20:04 | Create | Trade Cart |
| 20:17 | Build | Lumber Camp |
| 20:24 | Create | Villager (Male) |
| 20:24 | Create | Villager (Male) |
| 20:25 | Create | Villager (Male) |
| 20:44 | Create | Villager (Male) |
| 20:47 | Create | Trade Cart |
| 21:05 | Create | Villager (Male) |
| 21:21 | Build | Siege Workshop |
| 21:29 | Create | Trade Cart |
| 21:34 | Create | Villager (Male) |
| 21:37 | Create | Villager (Male) |
| 22:03 | Build | Siege Workshop |
| 22:07 | Build | Siege Workshop |
| 22:11 | Create | Villager (Male) |
| 22:15 | Create | Trade Cart |
| 22:19 | Create | Villager (Male) |
| 22:37 | Create | Trade Cart |
| 22:43 | Create | Villager (Male) |
| 22:49 | Create | Villager (Male) |
| 22:52 | Research | Padded Archer Armor |
| 22:58 | Build | University |
| 23:01 | Build | House |
| 23:04 | Build | House |
| 23:06 | Build | House |
| 23:12 | Create | Villager (Male) |
| 23:20 | Create | Trade Cart |
| 23:26 | Create | Unit 1962 |
| 23:33 | Create | Villager (Male) |
| 23:34 | Create | Villager (Male) |
| 23:51 | Build | Mining Camp |
| 23:55 | Build | House |
| 23:56 | Build | House |
| 24:00 | Build | House |
| 24:01 | Build | House |
| 24:20 | Create | Villager (Male) |
| 24:20 | Create | Villager (Male) |
| 24:20 | Create | Villager (Male) |
| 24:26 | Create | Villager (Male) |
| 24:27 | Create | Villager (Male) |
| 24:30 | Create | Mangonel |
| 24:51 | Build | Castle |
| 24:57 | Build | Lumber Camp |
| 25:01 | Create | Villager (Male) |
| 25:01 | Create | Villager (Male) |
| 25:01 | Create | Villager (Male) |
| 25:03 | Create | Villager (Male) |
| 25:04 | Create | Villager (Male) |
| 25:50 | Create | Unit 1962 |
| 25:51 | Create | Unit 1962 |
| 25:51 | Create | Unit 1962 |
Build order — Caleb Mandrake
First 150 of 170 actions detected
| 0:20 | Create | Villager (Male) |
| 0:21 | Create | Villager (Male) |
| 0:21 | Create | Villager (Male) |
| 0:21 | Create | Villager (Male) |
| 0:23 | Research | Loom |
| 1:27 | Create | Villager (Male) |
| 1:27 | Create | Villager (Male) |
| 1:57 | Build | Lumber Camp |
| 2:25 | Create | Villager (Male) |
| 2:26 | Create | Villager (Male) |
| 3:08 | Create | Villager (Male) |
| 3:08 | Create | Villager (Male) |
| 3:09 | Create | Villager (Male) |
| 3:42 | Create | Villager (Male) |
| 3:42 | Create | Villager (Male) |
| 3:53 | Build | Mill |
| 4:30 | Create | Villager (Male) |
| 4:56 | Create | Villager (Male) |
| 5:31 | Build | Mill |
| 5:35 | Create | Villager (Male) |
| 5:35 | Create | Villager (Male) |
| 6:13 | Create | Villager (Male) |
| 6:14 | Create | Villager (Male) |
| 6:38 | Create | Villager (Male) |
| 6:38 | Create | Villager (Male) |
| 6:38 | Create | Villager (Male) |
| 6:55 | Create | Villager (Male) |
| 6:55 | Create | Villager (Male) |
| 7:19 | Create | Villager (Male) |
| 7:30 | Create | Villager (Male) |
| 7:37 | Build | Mining Camp |
| 7:51 | Create | Villager (Male) |
| 8:21 | Create | Villager (Male) |
| 8:53 | Build | Barracks |
| 9:44 | Build | Mining Camp |
| 9:48 | Create | Villager (Male) |
| 9:48 | Create | Villager (Male) |
| 9:48 | Create | Villager (Male) |
| 9:53 | Create | Villager (Male) |
| 11:22 | Research | Feudal Age |
| 12:25 | Create | Militia |
| 12:25 | Create | Militia |
| 12:25 | Create | Militia |
| 12:26 | Create | Militia |
| 12:42 | Create | Militia |
| 13:22 | Create | Villager (Male) |
| 13:23 | Create | Villager (Male) |
| 13:38 | Age | Feudal Age |
| 13:42 | Build | Archery Range |
| 13:48 | Research | Wheelbarrow |
| 14:13 | Research | Man-at-Arms (upgrade) |
| 14:54 | Build | Watch Tower |
| 15:23 | Create | Villager (Male) |
| 15:23 | Create | Villager (Male) |
| 15:26 | Create | Archer |
| 15:26 | Create | Archer |
| 15:26 | Create | Archer |
| 15:27 | Create | Archer |
| 15:27 | Create | Archer |
| 15:27 | Create | Archer |
| 15:27 | Create | Archer |
| 15:28 | Create | Archer |
| 15:36 | Build | Farm |
| 15:40 | Build | Farm |
| 15:43 | Build | Farm |
| 15:46 | Build | Farm |
| 15:53 | Create | Spearman |
| 15:54 | Create | Spearman |
| 15:54 | Create | Spearman |
| 15:54 | Create | Spearman |
| 16:27 | Create | Spearman |
| 16:27 | Create | Spearman |
| 16:27 | Create | Spearman |
| 17:42 | Create | Villager (Male) |
| 17:42 | Create | Villager (Male) |
| 17:42 | Create | Villager (Male) |
| 17:42 | Create | Villager (Male) |
| 17:56 | Build | Watch Tower |
| 18:33 | Create | Spearman |
| 18:34 | Create | Spearman |
| 18:34 | Create | Spearman |
| 18:34 | Create | Spearman |
| 19:22 | Create | Spearman |
| 19:22 | Create | Spearman |
| 20:30 | Build | Watch Tower |
| 21:14 | Create | Spearman |
| 21:15 | Create | Spearman |
| 21:15 | Create | Spearman |
| 21:15 | Create | Spearman |
| 21:16 | Create | Spearman |
| 21:25 | Build | Farm |
| 21:29 | Build | Farm |
| 21:33 | Build | Farm |
| 21:53 | Research | Double-Bit Axe |
| 22:06 | Build | Farm |
| 22:21 | Build | Watch Tower |
| 23:06 | Create | Archer |
| 23:06 | Create | Archer |
| 23:06 | Create | Archer |
| 23:10 | Create | Spearman |
| 23:10 | Create | Spearman |
| 23:11 | Create | Spearman |
| 23:11 | Create | Spearman |
| 23:11 | Create | Spearman |
| 23:11 | Create | Spearman |
| 23:15 | Create | Villager (Male) |
| 23:15 | Create | Villager (Male) |
| 23:16 | Research | Town Watch |
| 23:21 | Research | Horse Collar |
| 23:45 | Create | Militia |
| 23:46 | Create | Militia |
| 23:46 | Create | Militia |
| 23:46 | Create | Militia |
| 24:12 | Build | Watch Tower |
| 24:27 | Build | Farm |
| 24:31 | Build | Farm |
| 24:34 | Create | Villager (Male) |
| 24:45 | Build | Lumber Camp |
| 25:35 | Build | Farm |
| 26:06 | Build | Mill |
| 26:10 | Build | Farm |
| 26:15 | Create | Villager (Male) |
| 26:49 | Build | Blacksmith |
| 27:01 | Create | Villager (Male) |
| 27:01 | Create | Villager (Male) |
| 27:43 | Research | Fletching |
| 27:44 | Research | Padded Archer Armor |
| 27:55 | Build | Market |
| 28:04 | Build | Farm |
| 28:27 | Build | Farm |
| 29:02 | Research | Castle Age |
| 30:01 | Build | Mining Camp |
| 30:36 | Create | Villager (Male) |
| 31:09 | Research | Scale Barding Armor |
| 31:12 | Research | Forging |
| 31:42 | Age | Castle Age |
| 31:45 | Research | Hand Cart |
| 31:46 | Research | Town Patrol |
| 32:00 | Build | University |
| 32:32 | Build | Castle |
| 32:48 | Research | Pikeman (upgrade) |
| 32:49 | Research | Squires |
| 33:21 | Research | Ballistics |
| 33:54 | Build | Mining Camp |
| 34:04 | Create | Villager (Male) |
| 34:08 | Research | Bodkin Arrow |
| 34:09 | Research | Leather Archer Armor |
| 34:26 | Research | Elite Skirmisher (upgrade) |
| 34:47 | Create | Villager (Male) |
| 34:48 | Create | Villager (Male) |
Match timeline
| 8:53 | Caleb Mandrake · first_building Barracks |
| 9:06 | LaPolitziaaa · wall_segment Palisade Wall x4 |
| 10:04 | LaPolitziaaa · age_up feudal |
| 10:59 | Aphelink · age_up feudal |
| 11:22 | chello3200 · age_up feudal |
| 11:27 | LocalFukBoy · first_building Barracks |
| 11:30 | Swario Bambino III · age_up feudal |
| 11:41 | LocalFukBoy · age_up feudal |
| 11:44 | fearthebeard007 · age_up feudal |
| 12:08 | LocalFukBoy · first_building Stable |
| 12:19 | LocalFukBoy · wall_segment Stone Wall x11 |
| 12:32 | LocalFukBoy · wall_segment Stone Wall x9 |
| 12:39 | LocalFukBoy · wall_segment Stone Wall x11 |
| 12:47 | LocalFukBoy · wall_segment Stone Wall x4 |
| 13:00 | fearthebeard007 · first_building Barracks |
| 13:06 | fearthebeard007 · wall_segment Stone Wall x1 |
| 13:10 | fearthebeard007 · wall_segment Stone Wall x12 |
| 13:30 | LaPolitziaaa · first_building Barracks |
| 13:36 | LaPolitziaaa · wall_segment Stone Wall x4 |
| 13:38 | Caleb Mandrake · age_up feudal |
| 13:42 | Caleb Mandrake · first_building Archery Range |
| 13:42 | fearthebeard007 · wall_segment Stone Wall x9 |
| 13:45 | LaPolitziaaa · wall_segment Stone Wall x19 |
| 14:32 | Sky_二哥 · age_up feudal |
| 14:53 | LocalFukBoy · wall_segment Stone Wall x1 |
| 15:15 | Sky_二哥 · first_building Barracks |
| 15:26 | fearthebeard007 · wall_segment Stone Wall x10 |
| 15:28 | Aphelink · age_up castle |
| 15:58 | chello3200 · first_building Barracks |
| 15:59 | Sky_二哥 · wall_segment Stone Wall x10 |
| 16:01 | fearthebeard007 · first_building Stable |
| 16:27 | Swario Bambino III · first_building Barracks |
| 17:04 | Swario Bambino III · first_building Stable |
| 17:44 | fearthebeard007 · wall_segment Stone Wall x3 |
| 18:00 | Swario Bambino III · age_up castle |
| 18:03 | Swario Bambino III · first_market_buy 100 wood |
| 18:06 | Swario Bambino III · first_market_sell 100 food |
| 18:09 | chello3200 · age_up castle |
| 18:30 | LaPolitziaaa · age_up castle |
| 18:44 | chello3200 · first_building Stable |
| 18:44 | Sky_二哥 · age_up castle |
| 19:11 | chello3200 · first_market_buy 100 wood |
| 19:15 | fearthebeard007 · first_building Archery Range |
| 19:18 | LaPolitziaaa · first_market_buy 100 stone |
| 19:34 | LocalFukBoy · wall_segment Stone Wall x7 |
| 19:45 | LocalFukBoy · wall_segment Stone Wall x4 |
| 19:52 | LocalFukBoy · wall_segment Stone Wall x3 |
| 20:19 | fearthebeard007 · age_up castle |
| 20:44 | Aphelink · first_building Barracks |
| 21:09 | Swario Bambino III · first_building Archery Range |
| 21:21 | Sky_二哥 · first_building Siege Workshop |
| 21:39 | LaPolitziaaa · first_building Stable |
| 22:50 | Aphelink · first_building Archery Range |
| 23:37 | LocalFukBoy · age_up castle |
| 24:00 | Aphelink · resign |
| 24:27 | chello3200 · first_building Siege Workshop |
| 24:39 | fearthebeard007 · first_building Siege Workshop |
| 24:51 | Sky_二哥 · first_building Castle |
| 25:52 | LocalFukBoy · first_building Castle |
| 26:15 | Swario Bambino III · first_building Castle |
| 26:25 | fearthebeard007 · wall_segment Stone Wall x1 |
| 28:08 | fearthebeard007 · first_building Castle |
| 28:48 | LocalFukBoy · wall_segment Stone Wall x8 |
| 28:51 | chello3200 · wall_segment Stone Wall x42 |
| 29:25 | chello3200 · first_building Castle |
| 29:39 | LocalFukBoy · first_market_buy 100 food |
| 30:21 | Swario Bambino III · tribute_sent a jugador 2 |
| 30:21 | Swario Bambino III · tribute_sent a jugador 3 |
| 30:21 | Swario Bambino III · tribute_sent a jugador 4 |
| 30:21 | Swario Bambino III · tribute_sent a jugador 5 |
| 30:21 | Swario Bambino III · tribute_sent a jugador 6 |
| 30:21 | Swario Bambino III · tribute_sent a jugador 7 |
| 30:21 | Swario Bambino III · tribute_sent a jugador 8 |
| 30:31 | chello3200 · first_building Monastery |
| 30:54 | Sky_二哥 · wall_segment Stone Wall x7 |
| 31:31 | Sky_二哥 · first_market_sell 100 wood |
| 31:42 | Caleb Mandrake · age_up castle |
| 32:05 | chello3200 · first_market_sell 100 food |
| 32:09 | Sky_二哥 · first_building Stable |
| 32:23 | Swario Bambino III · age_up imperial |
| 32:32 | Caleb Mandrake · first_building Castle |
| 34:47 | Sky_二哥 · age_up imperial |
| 35:20 | chello3200 · age_up imperial |
| 35:42 | Caleb Mandrake · first_building Siege Workshop |
| 35:51 | LocalFukBoy · first_market_sell 100 wood |
| 37:21 | Caleb Mandrake · first_market_sell 100 stone |
| 37:31 | Caleb Mandrake · first_market_buy 100 food |
| 39:13 | LocalFukBoy · age_up imperial |
| 40:14 | Swario Bambino III · tribute_sent a jugador 2 |
| 40:14 | Swario Bambino III · tribute_sent a jugador 3 |
| 40:14 | Swario Bambino III · tribute_sent a jugador 4 |
| 40:14 | Swario Bambino III · tribute_sent a jugador 5 |
| 40:14 | Swario Bambino III · tribute_sent a jugador 6 |
| 40:14 | Swario Bambino III · tribute_sent a jugador 7 |
| 40:14 | Swario Bambino III · tribute_sent a jugador 8 |
| 43:58 | fearthebeard007 · age_up imperial |
[ AI ANALYSIS · 1 CREDIT ]
What really happened in this match?
Wolo.gg analyzes every decision: build order, eco, micro, common mistakes by bracket. Personalized analysis on WhatsApp or Discord in 30 seconds.
Civ guide
Hindustanis
Map guide
Oasis
Perfil
Jugador #4161012